 Dungeon Crawl Stone Soup version 0.20.1-1-g8b1a95d (webtiles) character file.

3371 equalderp2856 the Cleaver (level 9, 0/118 HPs)
             Began as a Minotaur Fighter on Aug 11, 2017.
             Succumbed to a killer bee's poison
             ... on level 8 of the Dungeon.
             The game lasted 00:15:35 (9817 turns).

equalderp2856 the Cleaver (Minotaur Fighter)        Turns: 9817, Time: 00:15:36

Health: 0/118      AC: 24    Str: 26    XL:     9   Next: 73%
Magic:  8/8        EV:  2    Int: 11    God:
Gold:   449        SH: 11    Dex: 12    Spells: 8/8 levels left

rFire    . . .     SeeInvis .   a - +0 war axe
rCold    . . .     Gourm    .   c - +0 shield
rNeg     + + +     Faith    .   (armour currently unavailable)
rPois    +         Spirit   .   (helmet currently unavailable)
rElec    .         Reflect  .   (cloak currently unavailable)
rCorr    .         Harm     .   (gloves currently unavailable)
MR       .....     NoTele   +   (boots currently unavailable)
Stlth    +.........             (no amulet)
Regen    0.3/turn               (no ring)
MPRegen  0.2/turn               (no ring)

@: mighty, brilliant, lethally poisoned (0 -> -4), tree-form, starving, drained
A: (retaliatory headbutt)
a: no special abilities


You were on level 8 of the Dungeon.
You were starving.
You were a tree.
You visited 1 branch of the dungeon, and saw 8 of its levels.

You collected 449 gold pieces.

Inventory:

Hand Weapons
 a - a +0 war axe (weapon)
 z - a +5 shortbow
 A - a +0 hunting sling
 M - a +0 rapier
 O - a +2 dagger of venom
 P - a +0 trident
 T - a +0 shortbow
Missiles
 i - 286 stones (quivered)
 j - 205 arrows
 s - 6 poisoned tomahawks
 t - 7 needles of confusion
 u - 5 bolts
 y - 60 sling bullets
 J - 3 curare-tipped needles
 N - 9 tomahawks
Armour
 b - a +0 scale mail
 c - a +0 shield (worn)
 U - a +0 pair of gloves
 X - a +0 plate armour (melded)
Jewellery
 p - a cursed amulet of inaccuracy {unknown}
 q - an uncursed amulet of harm {unknown}
 r - an uncursed amulet of regeneration {unknown}
 W - the ring "Tenwu" {rN+ Int+3, unknown}
   (You found it on level 7 of the Dungeon)

   [ring of intelligence]

   It affects your intelligence (+3).
   It protects you from negative energy.
Wands
 w - a wand of random effects (26/48)
 F - a wand of enslavement (15/24)
 I - a wand of confusion (14/48)
 K - a wand of polymorph (8/24)
 Q - a wand of random effects (9/48)
 V - a wand of lightning (0/15)
Scrolls
 e - a scroll of enchant weapon {unknown}
 k - a scroll of remove curse {unknown}
 l - a scroll of random uselessness {unknown}
 n - 6 scrolls of identify
 C - a scroll of amnesia {unknown}
 D - a scroll of fog {unknown}
 E - 3 scrolls of teleportation {unknown}
 H - 3 scrolls of fear {unknown}
 L - a scroll of blinking {unknown}
 S - a scroll of magic mapping {unknown}
Potions
 d - 4 potions of might
 g - 4 potions of agility
 h - 3 potions of haste
 G - a potion of ambrosia {unknown}
Books
 R - a book of Necromancy

   Spells                             Type                      Level
   a - Pain                           Necromancy                   1
   b - Animate Skeleton               Necromancy                   1
   c - Vampiric Draining              Necromancy                   3
   d - Regeneration                   Charms/Necromancy            3
   e - Animate Dead                   Necromancy                   4
   f - Control Undead                 Necromancy                   4
Comestibles
 f - 3 bread rations
 o - 2 meat rations


   Skills:
 + Level 7.0(6.1) Fighting
 + Level 10.0(9.0) Axes
 + Level 7.9(7.0) Armour
 + Level 4.3(3.5) Dodging
 + Level 1.3(0.5) Stealth
 + Level 8.7(7.8) Shields
 + Level 0.2(0.0) Unarmed Combat
 + Level 0.8(0.0) Evocations


You had 8 spell levels left.
You didn't know any spells.

Dungeon Overview and Level Annotations

Branches:
Dungeon (8/15)             Temple (0/1) D:6
   Lair: D:8-11

Altars:
Cheibriados
Fedhas
Gozag
Okawaru
Qazlal
Sif Muna
Trog
Xom
Yredelemnul
Zin


Innate Abilities, Weirdness & Mutations

((You reflexively headbutt those who attack you in melee.))
((You have a pair of horns on your head.))


Message History

The killer bee is heavily wounded.
* * * LOW HITPOINT WARNING * * *
You feel sick. You block the killer bee's attack. x2
Your shield prevents you from hitting the killer bee.
The killer bee is heavily wounded.
* * * LOW HITPOINT WARNING * * *
You feel sick. You block the killer bee's attack. The killer bee stings you.
* * * LOW HITPOINT WARNING * * *
It was a potion of flight.
You feel very buoyant.
You fly up into the air.
You block the killer bee's attack. x2
Unknown command.
It was a potion of lignification.
You turn into a tree.
Your +0 plate armour melds into your body.
Your roots penetrate the ground.
* * * LOW HITPOINT WARNING * * *
You feel sick. You block the killer bee's attack. x2
It was a potion of brilliance.
You feel clever all of a sudden.
You die...

# # y#.
#y# #y#
#.#
#.#######
#.....y♣#
#######)#
#.# #..
....
.....
...##.
....# ..


You could see a killer bee.

Vanquished Creatures
  A kobold demonologist (D:7)
  Duvessa (D:5)
  An orc warrior (D:5)
  2 ice beasts
  A sky beast (D:7)
  2 ogres
  2 centaurs (D:6)
  2 big kobolds (D:7)
  5 bullfrogs
  Dowan (D:5)
  A wyvern skeleton (D:7)
  2 scorpions
  9 killer bees
  3 howler monkeys
  3 crimson imps
  A bullfrog zombie (D:7)
  A bullfrog skeleton (D:4)
  A centaur skeleton (D:5)
  2 orc priests (D:6)
  4 hounds
  2 jellies
  3 orc wizards
  Natasha (thrice) (D:3)
  An iguana (D:5)
  5 worker ants
  Terence (D:3)
  A killer bee zombie (D:5)
  A hound zombie (D:5)
  3 worker ant zombies
  7 gnolls
  A howler monkey skeleton (D:4)
  12 adders
  A shadow imp (D:6)
  An adder zombie (D:6)
  An adder skeleton (D:6)
  8 worms
  A dart slug (D:1)
  8 leopard geckos
  22 orcs
  A ball python (D:5)
  5 giant cockroaches
  6 goblins
  4 hobgoblins
  11 jackals
  A quokka (D:2)
  A ball python skeleton (D:4)
  8 bats
  6 frilled lizards
  16 kobolds
  A leopard gecko zombie (D:5)
  4 rats
  A spectral orc (D:7)
192 creatures vanquished.

Notes
Turn   | Place    | Note
-------+----------+-------------------------------------------
     0 | D:1      | equalderp2856 the Minotaur Fighter began the quest for the Orb.
     0 | D:1      | Reached XP level 1. HP: 19/19 MP: 0/0
    84 | D:1      | Reached XP level 2. HP: 27/27 MP: 1/1
   921 | D:2      | Reached XP level 3. HP: 29/33 MP: 2/2
  1047 | D:2      | Reached skill level 3 in Axes
  1072 | D:2      | Reached skill level 1 in Dodging
  1092 | D:2      | Reached XP level 4. HP: 30/40 MP: 3/3
  1534 | D:2      | Found a deep blue altar of Sif Muna.
  1702 | D:3      | Noticed Terence
  1710 | D:3      | Killed Terence
  1710 | D:3      | Reached skill level 4 in Axes
  1710 | D:3      | Reached XP level 5. HP: 35/46 MP: 4/4
  1880 | D:3      | Noticed Natasha
  1890 | D:3      | Killed Natasha
  1899 | D:3      | Noticed Natasha
  1901 | D:3      | Killed Natasha
  2188 | D:3      | Noticed Natasha
  2192 | D:3      | Killed Natasha
  2192 | D:3      | Reached skill level 5 in Axes
  2370 | D:4      | Found a stormy altar of Qazlal.
  2405 | D:4      | Reached XP level 6. HP: 53/53 MP: 5/5
  2422 | D:4      | Reached skill level 5 in Shields
  2427 | D:4      | Found a bloodstained altar of Trog.
  2859 | D:4      | Found an iron altar of Okawaru.
  3029 | D:4      | Found an opulent altar of Gozag.
  3131 | D:4      | Reached skill level 6 in Axes
  3131 | D:4      | Reached skill level 5 in Armour
  3131 | D:4      | Reached XP level 7. HP: 54/60 MP: 6/6
  3219 | D:5      | Entered Level 5 of the Dungeon
  3755 | D:5      | Found a snail-covered altar of Cheibriados.
  3775 | D:5      | Reached skill level 5 in Fighting
  4007 | D:5      | Noticed Dowan
  4008 | D:5      | Noticed Duvessa
  4044 | D:5      | Killed Duvessa
  4355 | D:5      | Killed Dowan
  4355 | D:5      | Reached skill level 7 in Axes
  5019 | D:6      | Reached XP level 8. HP: 64/68 MP: 7/7
  5268 | D:6      | Reached skill level 1 in Stealth
  5403 | D:6      | Found a staircase to the Ecumenical Temple.
  5443 | D:5      | Reached skill level 8 in Axes
  5745 | D:6      | Found a shimmering altar of Xom.
  6180 | D:6      | Found a blossoming altar of Fedhas.
  6511 | D:7      | Found a shimmering altar of Xom.
  6511 | D:7      | Noticed an angel
  6812 | D:6      | Reached skill level 9 in Axes
  7161 | D:6      | Reached XP level 9. HP: 31/78 MP: 8/8
  7408 | D:7      | Found a glowing silver altar of Zin.
  7905 | D:7      | Found a basalt altar of Yredelemnul.
  8036 | D:7      | Got a bound silver ring
  8339 | D:7      | Noticed a kobold demonologist
  8345 | D:7      | Noticed a red devil
  8382 | D:7      | Noticed a soul eater
  8384 | D:7      | HP: 3/78 [white imp/puff of frost[a kobold demonologist] (5)]
  8392 | D:7      | Noticed a red devil
  9278 | D:7      | Noticed a smoke demon
  9285 | D:7      | Noticed a smoke demon
  9289 | D:7      | Killed a kobold demonologist
  9581 | D:7      | Reached skill level 10 in Axes
  9813 | D:8      | HP: 3/79 [poisoned by a killer bee]
  9814 | D:8      | HP: 1/79 [killer bee (1)]
  9817 | D:8      | Succumbed to a killer bee's poison

Skill      XL: |  1  2  3  4  5  6  7  8  9 |
---------------+----------------------------+-----
Shields        | 4 5 6 7 8 |  8.7
Fighting       | 4 5 6 7 |  7.0
Axes           | 3 4 5 6 7 9 10 | 10.0
Dodging        | 1 2 3 4 |  4.3
Armour         | 4 5 6 7 |  7.9
Stealth        | 1 |  1.3
Unarmed Combat | |  0.2
Evocations     | |  0.8

Action                   |  1- 3 |  4- 6 |  7- 9 || total
-------------------------+-------+-------+-------++-------
Melee: War axe           |    91 |   133 |   363 ||   587
       Headbutt          |    11 |    20 |    63 ||    94
       Unarmed           |       |       |     4 ||     4
Evoke: Wand              |       |       |    10 ||    10
  Use: Potion            |       |     2 |     8 ||    10
       Scroll            |       |     1 |       ||     1
  Eat: Chunk             |       |     7 |    13 ||    20
       Royal jelly       |       |       |     1 ||     1
       Bread ration      |       |       |     1 ||     1
Armor: Scale mail        |    40 |    54 |    99 ||   193
       Plate armour      |       |       |    87 ||    87
Dodge: Dodged            |    31 |    34 |   153 ||   218
Block: Shield            |    51 |    82 |   300 ||   433
